 Dungeon Crawl Stone Soup version 0.27.1-4-g1640c2035a (webtiles) character file.

Game seed: 3366236526866108378

300 Findor the Firebug (level 6, -9/41 HPs)
             Began as a Human Fire Elementalist on Nov 8, 2021.
             Killed by nerve-wracking pain
             ... invoked by Grinder
              (13 damage)
             ... on level 3 of the Dungeon.
             The game lasted 00:06:25 (4621 turns).

Findor the Firebug (Human Fire Elementalist)        Turns: 4621, Time: 00:06:26

Health: -9/41      AC:  3    Str:  8    XL:     6   Next: 64%
Magic:  3/10       EV: 12    Int: 18    God:
Gold:   102        SH:  0    Dex: 13    Spells: 3/11 levels left

rFire    . . .     SeeInvis +   a - +1 dagger (venom)
rCold    . . .     Faith    .   (no shield)
rNeg     . . .     Spirit   .   g - +0 robe
rPois    .         Reflect  .   (no helmet)
rElec    .         Harm     .   (no cloak)
rCorr    +         Rampage  .   (no gloves)
Will     .....                  o - +0 pair of boots
Stlth    ++........             (no amulet)
HPRegen  0.13/turn              n - ring of resist corrosion
MPRegen  0.12/turn              z - ring of see invisible

@: no status effects
A: no striking features
a: no special abilities


You were on level 3 of the Dungeon.
You visited 1 branch of the dungeon, and saw 3 of its levels.

You collected 102 gold pieces.


   Skills:
 - Level 2.0 Dodging
 - Level 2.0 Stealth
 + Level 3.1 Spellcasting
 * Level 3.9 Conjurations
 * Level 4.9 Fire Magic


You had 3 spell levels left.
You knew the following spells:

 Your Spells              Type           Power      Damage    Failure   Level
a - Foxfire               Conj/Fire      72%        2x1d7     2%          1
d - Conjure Flame         Conj/Fire      18%        6-21      8%          3
q - Sticky Flame          Conj/Fire      18%        2d4       26%         4

Your spell library contained the following spells:

 Spells                   Type           Power      Damage    Failure   Level
 Inner Flame              Hex/Fire       11%        N/A       17%         3
 Fireball                 Conj/Fire      9%         3d6       56%         5

Inventory:

Hand Weapons
 a - a +1 dagger of venom (weapon)
   (You took it off a kobold on level 1 of the Dungeon)
 b - a +0 short sword of draining
   (You found it on level 2 of the Dungeon)
Missiles
 i - 2 boomerangs of dispersal {!f}
 l - 3 throwing nets {!f}
Armour
 f - a +1 leather armour of willpower
   (You found it on level 3 of the Dungeon)
 g - a +0 robe (worn)
 j - the +3 ring mail "Kiamaughu" {Dex+7}
   (You took it off a goblin on level 3 of the Dungeon)

   Dex:       It affects your dexterity (+7).
 o - a +0 pair of boots (worn)
   (You found it on level 2 of the Dungeon)
Jewellery
 h - a ring of ice
   (You found it on level 1 of the Dungeon)
 n - a ring of resist corrosion (left hand)
   (You found it on level 2 of the Dungeon)
 z - a ring of see invisible (right hand)
   (You found it on level 2 of the Dungeon)
Scrolls
 c - a scroll of noise {unknown}
 d - a scroll of fog {unknown}
 k - 4 scrolls of teleportation {unknown}
 m - a scroll of identify {unknown}
Potions
 e - a potion of flight


Message History

Casting: Foxfire (safe; 2% risk of failure)
You conjure some foxfire!
The foxfire hits Grinder.
Grinder gestures at you.
You suddenly lose the ability to move!
Grinder gestures at you. Pain shoots through your body!
You can move again.
Grinder blinks!
Unknown command.
Casting: Foxfire (safe; 2% risk of failure)
You conjure some foxfire!
The foxfire hits Grinder. x2
Casting: Foxfire (safe; 2% risk of failure)
You conjure some foxfire!
The foxfire hits Grinder. x2; Grinder barely misses you.
Casting: Foxfire (safe; 2% risk of failure)
You conjure some foxfire!
Grinder barely misses you.
The foxfire hits Grinder. x2; Grinder blinks!
Casting: Foxfire (safe; 2% risk of failure)
You conjure some foxfire!
Grinder gestures at you.
You barely resist.
The foxfire hits Grinder but does no damage.
The foxfire hits Grinder.
Casting: Foxfire (safe; 2% risk of failure)
You conjure some foxfire!
The foxfire hits Grinder. x2; Grinder blinks!
Casting: Foxfire (safe; 2% risk of failure)
You conjure some foxfire!
Grinder says, "Are you a fish?"
The foxfire hits Grinder.
The foxfire hits Grinder but does no damage.
Grinder says, "You look like you could use a good racking."
Grinder gestures at you. Pain shoots through your body!
* * * LOW HITPOINT WARNING * * *
Casting: Foxfire (safe; 2% risk of failure)
You conjure some foxfire!
The foxfire hits Grinder.
The foxfire hits Grinder but does no damage.
Casting: Foxfire (safe; 2% risk of failure)
You conjure some foxfire!
Grinder hits you!
* * * LOW HITPOINT WARNING * * *
You writhe in agony.
* * * LOW HITPOINT WARNING * * *
The foxfire hits Grinder.
The foxfire hits Grinder but does no damage.
Grinder gestures at you. Pain shoots through your body!
You die...

#..^.....##............
#.######.##..#...#.####
#.####...##........####
#.....###.#....<.......
#..##.# #.........###.#
#..##.# #.#..#...####.#
#####.....#####............
##...##.####...##...######.#
#.....#####@5...###.# #.#
#.........§.....# #.# #.#
#.....#####§....# #.# #.#
##...##...##...## #.# #.#
##.##....J##.## #.# #..
#.#....5l #.#####.#### ###
### #.'....Sr #.'..##....# #
#.. #.# #.##.##.##)#####
#.###.## ##.##....)÷)...).


You could see Grinder.

Vanquished Creatures
  2 scorpions
  An orc priest (D:3)
  3 gnolls (D:3)
  3 adders
  A white imp (D:3)
  A worm (D:3)
  3 dart slugs
  9 orcs
  10 endoplasms
  4 giant cockroaches
  5 goblins
  4 hobgoblins
  A quokka (D:1)
  11 ball pythons
  5 bats
  8 frilled lizards
  5 kobolds
  4 rats
80 creatures vanquished.

Vanquished Creatures (others)
  150 foxfires
150 creatures vanquished.

Grand Total: 230 creatures vanquished

Notes
Turn   | Place    | Note
-------+----------+-------------------------------------------
     0 | D:1      | Findor the Human Fire Elementalist began the quest for the
                  | Orb.
     0 | D:1      | Reached XP level 1. HP: 13/13 MP: 3/3
   311 | D:1      | Reached XP level 2. HP: 4/19 MP: 3/5
  1557 | D:2      | Reached XP level 3. HP: 22/24 MP: 4/6
  2266 | D:2      | Found a faded altar of an unknown god.
  2293 | D:2      | Noticed a scorpion
  2316 | D:2      | Killed a scorpion
  2317 | D:2      | Reached skill level 4 in Fire Magic
  2317 | D:2      | Reached XP level 4. HP: 13/30 MP: 1/7
  2317 | D:2      | Reached XP level 5. HP: 16/35 MP: 1/8
  2640 | D:2      | Reached skill level 3 in Conjurations
  2683 | D:2      | Learned a level 3 spell: Conjure Flame
  2688 | D:2      | Learned a level 4 spell: Sticky Flame
  3201 | D:3      | Found a glowing silver altar of Zin.
  3363 | D:3      | Found a sacrificial altar of Ru.
  3669 | D:3      | Found a white marble altar of Elyvilon.
  3713 | D:3      | Reached XP level 6. HP: 41/41 MP: 8/10
  3919 | D:3      | Found a broken altar of Ashenzari.
  4047 | D:3      | Reached skill level 3 in Spellcasting
  4309 | D:3      | Identified the +3 ring mail "Kiamaughu" {Dex+7}
  4505 | D:3      | Noticed Grinder
  4601 | D:3      | Paralysed by Grinder for 4 turns
  4620 | D:3      | HP: 5/41 [Grinder (9)]
  4621 | D:3      | Killed from afar by Grinder

Levels and vault maps discovered:
D:1:      wander_arrival_peaceful_grave, layout_basic
D:2:      minmay_diamond_boxcup, layout_loops_ring,
          chequers_ecumenical_altar_simple, item_on_display_a
D:3:      minmay_octagon_keep, layout_loops_ring, lemuel_tele_altar,
          mainiacjoe_overflow_brackets, elyvilon_altar_3,
          mainiacjoe_overflow_alcove_2, uniq_grinder

Action                   |  1- 3 |  4- 6 || total
-------------------------+-------+-------++-------
Melee: Dagger            |   104 |    68 ||   172
       Unarmed           |     1 |       ||     1
 Cast: Foxfire           |    23 |    68 ||    91
  Use: Potion            |     1 |     6 ||     7
 Stab: Sleeping          |     3 |     5 ||     8
Armor: Robe              |    38 |    15 ||    53
Dodge: Dodged            |    81 |    47 ||   128
